 Dungeon Crawl Stone Soup version 0.29.1-2-gbd0b4ee654 (webtiles) character file.

Game seed: 14484959762357508351

1303 Firos the Changer (level 8, -2/51 HPs)
             Began as an Octopode Transmuter on Nov 8, 2022.
             Slain by a gnoll sergeant
             ... wielding a +2 spear of freezing
              (5 damage)
             ... on level 5 of the Dungeon.
             The game lasted 00:11:56 (5932 turns).

Firos the Changer (Octopode Transmuter)             Turns: 5932, Time: 00:11:56

Health: -2/51      AC:  2    Str:  9    XL:     8   Next: 57%
Magic:  14/15      EV: 20    Int: 17    God:
Gold:   195        SH:  0    Dex: 18    Spells: 6/16 levels left

rFire   . . .      SeeInvis .     - Unarmed
rCold   . . .      Faith    .   (shield currently unavailable)
rNeg    . . .      Spirit   .   (helmet currently unavailable)
rPois   x          Reflect  .   (no amulet)
rElec   .          Harm     .   (no ring)
rCorr   .          Rampage  .   (no ring)
Will    .....                   (no ring)
Stlth   +++.......              (no ring)
HPRegen 0.17/turn               (no ring)
MPRegen 0.14/turn               (no ring)
                                (no ring)
                                (no ring)

@: spider-form
A: venomous fangs, almost no armour, (amphibious), 8 rings, tiny, (camouflage
1), (gelatinous body 1), (nimble swimmer 1), (tentacles), mutation resistance 1
a: End Transformation


You were on level 5 of the Dungeon.
You were a venomous arachnid creature.
You visited 1 branch of the dungeon, and saw 5 of its levels.

You collected 195 gold pieces.

Inventory:

Armour
 h - a +0 kite shield
Jewellery
 a - a ring of poison resistance
Wands
 g - a wand of flame (6)
Scrolls
 b - a scroll of immolation {unknown}
 d - a scroll of enchant weapon
Potions
 e - a potion of attraction
 f - a potion of resistance {unknown}
 j - a potion of heal wounds {unknown}


   Skills:
 + Level 2.7 Fighting
 + Level 3.3 Dodging
 + Level 3.6 Stealth
 + Level 4.1 Unarmed Combat
 + Level 4.7 Spellcasting
 * Level 7.2 Transmutations


You had 6 spell levels left.
You knew the following spells:

 Your Spells              Type           Power      Damage    Failure   Level
a - Beastly Appendage     Tmut           56%        N/A       4%          1
b - Wereblood             Tmut           28%        N/A       5%          2
c - Spider Form           Tmut/Pois      16%        N/A       24%         3
d - Ice Form              Ice/Tmut       16%        N/A       54%         4

Your spell library contained the following spells:

 Spells                   Type           Power      Damage    Failure   Level


Dungeon Overview and Level Annotations

Branches:
Dungeon (5/15)
 Temple: D:4-7

Altars:


Innate Abilities, Weirdness & Mutations

You are a venomous arachnid creature.
You have poisonous fangs.
You are tiny and dextrous.
Your spellcasting is less reliable in this form.
Your armour is entirely melded.
You are incapable of wielding weapons or throwing items.
You cannot wear most types of armour.
((You are amphibious.))
You can wear up to eight rings at the same time.
((Your skin changes colour to match your surroundings (Stealth+).))
((Your rubbery body absorbs attacks. (AC +1, EV +1)))
((You are camouflaged when in or above water. (Stealth+)))
((You have tentacles for arms and can constrict up to eight enemies at once.))
You are somewhat resistant to further mutation.


Message History

You hit the gnoll sergeant but do no damage.
The gnoll sergeant is poisoned.
The gnoll throws a stone.
The stone closely misses you.
The gnoll sergeant hits you with a +2 spear of freezing.
The gnoll sergeant freezes you. The gnoll misses you.
You hit the gnoll.
The gnoll is poisoned.
The gnoll is moderately wounded.
The gnoll barely misses you. The gnoll sergeant closely misses you.
You hit the gnoll.
The gnoll is severely wounded.
The gnoll hits you with a +3 spear.
The gnoll sergeant hits you with a +2 spear of freezing!
The gnoll sergeant freezes you.
You bite the gnoll!
You kill the gnoll!
The gnoll sergeant completely misses you.
You hit the gnoll sergeant but do no damage.
The gnoll sergeant is lightly wounded.
The gnoll sergeant misses you.
You hit the gnoll sergeant but do no damage.
The gnoll sergeant looks even sicker.
The gnoll sergeant is lightly wounded.
The gnoll sergeant hits you with a +2 spear of freezing!
* * * LOW HITPOINT WARNING * * *
The gnoll sergeant freezes you.
* * * LOW HITPOINT WARNING * * *
You feel better.
The gnoll sergeant hits you with a +2 spear of freezing!
* * * LOW HITPOINT WARNING * * *
The gnoll sergeant freezes you.
* * * LOW HITPOINT WARNING * * *
You hit the gnoll sergeant.
The gnoll sergeant looks as sick as possible!
The gnoll sergeant is heavily wounded.
The gnoll sergeant completely misses you.
You hit the gnoll sergeant.
The gnoll sergeant looks as sick as possible!
The gnoll sergeant is severely wounded.
The gnoll sergeant hits you with a +2 spear of freezing.
You die...

......#..#.........
#..#..## .....
#..#..#####..
#..#..## ....
#..#..#...#
#..'..##
#..#..#...#
#..#....
#..#..#...#
#..#..## #..#...#
#..#.... #..#...#
#..#.... #g.#<..#
#..#.... #.s#...#
#..#..## #.)#.g.#
#..#..## #.)))..#
'..#..## #..##+##
#.... #... #..##
#... #.... #...
#.... ##'## #....
#....


You could see a gnoll sergeant (extremely poisoned).

Vanquished Creatures
  Grinder (D:4)
  Menkaure (D:4)
  A sky beast (D:3)
  An ogre (D:4)
  A gnoll sergeant (D:4)
  3 scorpions
  2 hounds
  An orc priest (D:3)
  A gnoll bouda (D:5)
  Natasha (D:3)
  6 iguanas (D:4)
  8 adders
  12 gnolls
  A dart slug (D:2)
  9 orcs
  3 endoplasms
  3 giant cockroaches
  9 goblins
  6 hobgoblins
  11 jackals
  6 kobolds
  A quokka (D:1)
  8 ball pythons
  3 bats
  4 frilled lizards
103 creatures vanquished.

Notes
Turn   | Place    | Note
-------+----------+-------------------------------------------
     0 | D:1      | Firos the Octopode Transmuter began the quest for the Orb.
     0 | D:1      | Reached XP level 1. HP: 13/13 MP: 3/3
   105 | D:1      | Reached XP level 2. HP: 11/18 MP: 3/5
   291 | D:1      | Learned a level 2 spell: Wereblood
   766 | D:1      | Reached skill level 3 in Transmutations
   806 | D:1      | Reached XP level 3. HP: 23/23 MP: 6/6
   810 | D:1      | Learned a level 3 spell: Spider Form
   842 | D:1      | Found a faded altar of an unknown god.
  1583 | D:2      | Reached XP level 4. HP: 18/28 MP: 8/8
  2653 | D:3      | Reached skill level 4 in Transmutations
  2824 | D:3      | Reached XP level 5. HP: 24/33 MP: 7/9
  2830 | D:3      | Learned a level 4 spell: Ice Form
  3063 | D:3      | Noticed a sky beast
  3080 | D:3      | Killed a sky beast
  3081 | D:3      | Reached skill level 5 in Transmutations
  3081 | D:3      | Reached XP level 6. HP: 12/38 MP: 6/11
  3307 | D:3      | Gained mutation: You are somewhat resistant to further
                  | mutation. [potion of mutation]
  3643 | D:3      | Noticed Natasha
  3655 | D:3      | Killed Natasha
  4156 | D:4      | Reached skill level 6 in Transmutations
  4156 | D:4      | Reached XP level 7. HP: 26/43 MP: 10/13
  4305 | D:4      | Noticed Menkaure
  4312 | D:4      | Killed Menkaure
  4313 | D:4      | Reached skill level 1 in Stealth
  4504 | D:4      | Noticed Grinder
  4532 | D:4      | Killed Grinder
  4533 | D:4      | Reached XP level 8. HP: 20/50 MP: 14/14
  5155 | D:5      | Entered Level 5 of the Dungeon
  5193 | D:5      | Reached skill level 7 in Transmutations
  5930 | D:5      | HP: 2/51 [gnoll sergeant/+2 spear of freezing (4)]
  5932 | D:5      | Slain by a gnoll sergeant

Illustrated notes

Levels and vault maps discovered:
D:1:      lemuel_arrival_tunnels, layout_loops_cross, basic_ecumenical_altar
D:2:      layout_loops_ring
D:3:      layout_basic, serial_rivers, chequers_serial_rivers_small_3,
          chequers_serial_rivers_room_b, chequers_serial_rivers_small_a,
          chequers_serial_rivers_small_a, chequers_serial_rivers_micro_b,
          st_stairs_1, uniq_natasha
D:4:      layout_gridville, uniq_menkaure, uniq_grinder
D:5:      layout_basic

Skill      XL: |  1  2  3  4  5  6  7  8 |
---------------+-------------------------+-----
Transmutations | 3 4 5 6 7 |  7.2
Spellcasting   | 3 4 |  4.7
Stealth        | 2 3 |  3.6
Fighting       | 2 |  2.7
Dodging        | 3 |  3.3
Unarmed Combat | 4 |  4.1

Action                   |  1- 3 |  4- 6 |  7- 9 || total
-------------------------+-------+-------+-------++-------
Melee: Unarmed           |    78 |   125 |   116 ||   319
       Constrict         |    17 |    10 |     2 ||    29
       Tentacles         |    14 |     7 |     2 ||    23
       Punch             |     4 |     1 |       ||     5
       Kick              |     8 |     5 |       ||    13
 Cast: Beastly Appendage |     4 |     4 |       ||     8
       Spider Form       |     1 |    13 |    13 ||    27
       Wereblood         |       |     2 |     3 ||     5
Evoke: Wand              |       |       |     7 ||     7
  Use: Scroll            |       |     6 |     3 ||     9
       Potion            |       |     5 |     4 ||     9
 Stab: Sleeping          |     7 |     4 |     1 ||    12
Armor: Skin              |     4 |     9 |     8 ||    21
Dodge: Dodged            |    55 |   101 |   110 ||   266
